 Dungeon Crawl Stone Soup version 0.23.1 (webtiles) character file.

Game seed: 9189582756030354916

26779 Lusmu the Cleaver (level 13, -6/151 HPs)
             Began as a Human Wanderer on Mar 17, 2019.
             Was an Elder of the Shining One.
             Mangled by an entropy weaver (13 damage)
             ... on level 5 of the Lair of Beasts on Mar 18, 2019.
             The game lasted 01:15:31 (20087 turns).

Lusmu the Cleaver (Human Wanderer)                 Turns: 20087, Time: 01:15:32

Health: -6/151     AC:  9    Str: 18    XL:     13   Next: 60%
Magic:  19/19      EV: 21    Int: 18    God:    the Shining One [****..]
Gold:   842        SH:  0    Dex: 16    Spells: 19/20 levels left

rFire    + . .     SeeInvis .   m - +0 battleaxe (elec)
rCold    + . .     Gourm    .   (shield currently unavailable)
rNeg     + + +     Faith    .   r - +1 leather armour of Objectivity {rN+ MR+}
rPois    .         Spirit   .   n - +2 helmet
rElec    .         Reflect  .   a - +2 cloak
rCorr    .         Harm     .   g - +0 pair of gloves
MR       +....                  h - +2 pair of boots of the Assassin {Detection Stab+ Stlth++}
Stlth    ..........             u - amulet of the acrobat
HPRegen  0.35/turn              y - +5 ring of protection
MPRegen  0.16/turn              v - ring of protection from cold

@: berserking, corroded, glowing, very quick
A: repulsion field 1, agile 2, fire resistance 1
a: Divine Shield, Cleansing Flame, Renounce Religion


You were on level 5 of the Lair of Beasts.
You worshipped the Shining One.
The Shining One was greatly pleased with you.
You were full.

You visited 3 branches of the dungeon, and saw 16 of its levels.
You also visited: Ossuary and Volcano.

You collected 947 gold pieces.
You spent 105 gold pieces at shops.

Inventory:

Hand Weapons
 m - a +0 battleaxe of electrocution (weapon)
 B - the +6 dire flail "Vallov" {crush, rN+}
   (You found it on level 4 of the Lair of Beasts)

   It inflicts extra damage upon your enemies.
   It protects you from negative energy.
 P - a +1 hand axe of flaming
Missiles
 z - 13 javelins (quivered)
Armour
 a - a +2 cloak (worn)
 g - a +0 pair of gloves (worn)
 h - the +2 pair of boots of the Assassin (worn) {Detection Stab+ Stlth++}
   (You acquired it on level 4 of the Lair of Beasts)

   It makes you much more stealthy.
 n - a +2 helmet (worn)
 r - the +1 leather armour of Objectivity (worn) {rN+ MR+}
   (You found it on level 6 of the Dungeon)

   It protects you from negative energy.
   It affects your resistance to hostile enchantments.
Jewellery
 p - an uncursed amulet of the gourmand
 t - an uncursed ring of magical power
 u - an amulet of the acrobat (around neck)
 v - a ring of protection from cold (right hand)
 y - a +5 ring of protection (left hand)
 G - an uncursed ring of protection from magic
 N - the ring of Suyreq {MR+ Dex+2, unknown}
   (You found it on level 5 of the Lair of Beasts)

   [ring of protection from magic]

   It affects your dexterity (+2).
   It affects your resistance to hostile enchantments.
Wands
 i - a wand of acid (20)
 I - a wand of enslavement (12)
 J - a wand of iceblast (9)
 L - a wand of flame (23)
Scrolls
 b - 6 scrolls of enchant weapon
 c - 6 scrolls of teleportation
 d - a scroll of amnesia
 e - a scroll of fear
 l - 3 scrolls of fog
 w - 9 scrolls of remove curse
 F - 3 scrolls of magic mapping
 H - a scroll of identify
 O - 4 scrolls of enchant armour
Potions
 j - 3 potions of cancellation
 k - 6 potions of curing
 o - 3 potions of agility
 q - 3 potions of mutation
 s - a potion of berserk rage
 x - 2 potions of haste
 A - a potion of magic
 C - 2 potions of flight
 D - 2 potions of heal wounds
 E - 3 potions of might
 M - 3 potions of brilliance
Miscellaneous
 W - 2 phantom mirrors
Comestibles
 f - 20 rations
 K - 6 chunks of flesh


   Skills:
 + Level 9.4 Fighting
 + Level 11.0 Axes
   Level 1.0(7.1) Polearms
 - Level 5.0 Throwing
 + Level 7.0 Armour
 - Level 10.0 Dodging
 - Level 5.0 Stealth
   Level 1.0 Shields
 - Level 4.0 Spellcasting
 - Level 4.0 Conjurations
 + Level 7.5 Invocations
 + Level 4.8 Evocations


You had 19 spell levels left.
You knew the following spells:

 Your Spells              Type           Power        Failure   Level  Hunger
a - Magic Dart            Conj           ###.         3%          1    None

Your spell library contained the following spells:

 Spells                   Type           Power        Failure   Level  Hunger
 Searing Ray              Conj           ###...       4%          2    ##.....
 Sting                    Conj/Pois      ##..         8%          1    None
 Animate Skeleton         Necr           N/A          17%         1    None
 Beastly Appendage        Tmut           #.....       17%         1    None
 Corona                   Hex            #......      17%         1    None
 Pain                     Necr           #...         17%         1    None
 Summon Small Mammal      Summ           #...         17%         1    None
 Dazzling Spray           Conj/Hex       ##....       22%         3    ###....
 Slow                     Hex            #.......     26%         2    ##.....
 Sticks to Snakes         Tmut           #.......     26%         2    ##.....
 Iskenderun's Mystic Bla  Conj           ###.....     32%         4    ####...
 Call Canine Familiar     Summ           #.......     45%         3    ###....
 Ignite Poison            Fire/Tmut/Pois #.......     45%         3    ###....
 Inner Flame              Hex/Fire       #.......     45%         3    ###....
 Portal Projectile        Hex/Tloc       #.....       45%         3    ###....
 Regeneration             Chrm/Necr      #.........   45%         3    ###....
 Spider Form              Tmut/Pois      #.........   45%         3    ###....
 Vampiric Draining        Necr           #.........   45%         3    ###....
 Force Lance              Conj/Tloc      ##......     58%         4    ####...
 Fulminant Prism          Conj/Hex       ##........   58%         4    ####...
 Animate Dead             Necr           N/A          86%         4    ####...
 Cause Fear               Hex            #.........   86%         4    ####...
 Ice Form                 Ice/Tmut       #.......     86%         4    ####...
 Leda's Liquefaction      Hex/Erth       #.........   86%         4    ####...
 Blade Hands              Tmut           #.........   99%         5    ######.


Dungeon Overview and Level Annotations

Branches:
Dungeon (10/15)            Temple (1/1) D:6            Lair (5/6) D:9
 Shoals (0/4) Lair:4        Snake (0/4) Lair:2
  Slime: Lair:5-6       Orc: D:9-12

Altars:
Ashenzari
Cheibriados
Dithmenos
Elyvilon
Fedhas
Gozag
Hepliaklqana
Kikubaaqudgha
Makhleb
Nemelex Xobeh
Okawaru
Qazlal
Ru
Sif Muna
Trog
Uskayaw
Vehumet
Wu Jian
Xom
Yredelemnul
Zin
The Shining One

Shops:
D:4 *   D:9 *

Annotations:
D:2 Sigmund


Innate Abilities, Weirdness & Mutations

You are surrounded by a mild repulsion field. (EV +2)
You are very agile. (Dex +4)
Your flesh is heat resistant. (rF+)


Message History

Lightning courses through the soldier ant!
The soldier ant completely misses you. The entropy weaver barely misses you.
The entropy weaver hits you!
* * * LOW HITPOINT WARNING * * *
The entropy weaver hits you!
* * * LOW HITPOINT WARNING * * *
The entropy weaver closely misses you.
You barely miss the entropy weaver.
The entropy weaver is almost dead.
You slash the soldier ant!
You kill the soldier ant!
The entropy weaver misses you. The entropy weaver hits you!
* * * LOW HITPOINT WARNING * * *
The entropy weaver hits you but does no damage.
The entropy weaver misses you. The soldier ant barely misses you.
The entropy weaver casts a spell.
The entropic weave corrodes you!
A red film seems to cover your vision as you go berserk!
You feel yourself moving faster!
You feel mighty! The entropy weaver hits you!
You die...

#.#...).#♣ ## ##... .#...##.#.♣
#...P #..†....P♣. ##....
P..#.##...P♣ ##### ##.#... ..P.##
#♣#! .#..{ ##.....# #...### ..♣
..# {{ ####......# ......###
♣#P♣.# {{##.........#
....<...###...♣#######........###
...............a@...........##.#
.............P.a†...........####
##.#..##.#.....#...###..#####
###..##########..## #P## ####
#### ###


You could see an entropy weaver and a soldier ant.

Vanquished Creatures
  5 hydras
  Harold (D:7)
  2 two-headed ogres (D:8)
  An unseen horror (D:6)
  Pikel (D:7)
  An ugly thing (D:8)
  A molten gargoyle (Volcano)
  2 gargoyles
  Psyche (D:8)
  8 spiny frogs
  4 black mambas
  8 komodo dragons
  A polar bear (Lair:5)
  10 blink frogs
  2 dream sheep (D:8)
  5 hippogriffs
  15 yaks
  A vampire (D:10)
  2 wyverns (Lair:4)
  A wraith (Ossuary)
  A basilisk (Lair:2)
  A fire elemental (Volcano)
  A steam dragon (D:10)
  Menkaure (D:7)
  A soldier ant (Lair:5)
  5 water moccasins
  4 porcupines
  6 ice beasts
  2 orc warriors
  2 sky beasts
  6 ogres
  4 slaves
  A phantom (D:8)
  4 wolves
  A centaur (D:10)
  5 crocodiles
  4 big kobolds
  8 bullfrogs
  A wyvern skeleton (D:8)
  3 scorpions
  A water moccasin skeleton (D:6)
  5 killer bees (D:7)
  An electric eel (Lair:1)
  6 wights
  4 howler monkeys
  5 crimson imps
  A quasit (D:6)
  2 bullfrog zombies
  A hound (D:4)
  2 jellies
  3 centaur skeletons
  A gnoll shaman (D:10)
  5 orc priests
  3 bullfrog skeletons
  Jessica (D:2)
  An iguana (D:10)
  13 orc wizards
  9 worker ants
  A hound zombie (D:7)
  2 hound skeletons
  3 mummies (Ossuary)
  A howler monkey zombie (D:5)
  11 gnolls
  12 adders
  4 shadow imps
  An ooze (D:2)
  2 adder skeletons
  A dart slug (D:3)
  A worm (D:2)
  7 leopard geckos
  54 orcs
  4 ball pythons
  9 bats
  A giant cockroach (D:3)
  2 gnoll zombies (Ossuary)
  6 goblins
  5 hobgoblins
  3 jackals (D:3)
  13 kobolds
  8 quokkas
  7 frilled lizards
  A goblin zombie (Ossuary)
  6 hobgoblin zombies (Ossuary)
  2 kobold zombies (Ossuary)
  A leopard gecko zombie (D:7)
  An orc zombie (Ossuary)
  8 rats
  2 fungi (Lair:3)
  3 plants
379 creatures vanquished.

Vanquished Creatures (others)
  3 fungi
  3 plants
6 creatures vanquished.

Grand Total: 385 creatures vanquished

Notes
Turn   | Place    | Note
-------+----------+-------------------------------------------
     0 | D:1      | Lusmu the Human Wanderer began the quest for the Orb.
     0 | D:1      | Lusmu set off with the following items: a +0 robe, a +0
                  | dagger, a ration; and the following spells available to
                  | memorise: Magic Dart, Sting, Searing Ray, Summon Small
                  | Mammal, Dazzling Spray, Call Canine Familiar, Ignite
                  | Poison, Iskenderun's Mystic Blast, Force Lance, Fulminant
                  | Prism
     0 | D:1      | Reached XP level 1. HP: 16/16 MP: 4/4
     5 | D:1      | Learned a level 1 spell: Magic Dart
    89 | D:1      | Reached XP level 2. HP: 19/22 MP: 1/6
   642 | D:1      | Reached skill level 1 in Stealth
  1046 | D:2      | Reached XP level 3. HP: 22/28 MP: 0/7
  1376 | D:2      | Reached XP level 4. HP: 30/34 MP: 0/9
  1667 | D:2      | Found a faded altar of an unknown god.
  1746 | D:2      | Noticed Jessica
  1763 | D:2      | Killed Jessica
  1763 | D:2      | Reached XP level 5. HP: 35/41 MP: 5/10
  1866 | D:2      | Noticed Sigmund
  2123 | D:3      | Noticed a big kobold
  2571 | D:3      | Found a hide-covered altar of Uskayaw.
  2978 | D:3      | Killed a big kobold
  2978 | D:3      | Reached XP level 6. HP: 6/47 MP: 1/11
  3870 | D:4      | Found an opulent altar of Gozag.
  3870 | D:4      | Found Gozag's Platinum Reserve.
  4150 | D:4      | Noticed an ice beast
  4463 | D:4      | Reached XP level 7. HP: 44/53 MP: 5/13
  4558 | D:4      | Found a sand-covered staircase.
  4563 | Ossuary  | Entered an ossuary
  4563 | Ossuary  | Noticed a wraith
  4563 | Ossuary  | Noticed a wraith
  4563 | Ossuary  | Noticed a wraith
  4710 | Ossuary  | Noticed a wraith
  4717 | Ossuary  | Killed a wraith
  5587 | D:4      | Reached skill level 5 in Fighting
  5587 | D:4      | Reached skill level 5 in Stealth
  5587 | D:4      | Reached XP level 8. HP: 62/62 MP: 14/14
  5591 | D:4      | Reached skill level 1 in Axes
  5591 | D:4      | Reached skill level 1 in Armour
  5591 | D:4      | Reached skill level 1 in Dodging
  5698 | D:5      | Entered Level 5 of the Dungeon
  6024 | D:5      | Reached skill level 2 in Axes
  6728 | D:6      | HP: 3/62 [something (8)]
  7087 | D:6      | Reached skill level 3 in Axes
  7295 | D:6      | Found a staircase to the Ecumenical Temple.
  7324 | D:6      | Reached XP level 9. HP: 68/68 MP: 15/15
  7334 | Temple   | Entered the Ecumenical Temple
  7515 | Temple   | Became a worshipper of the Shining One
  7626 | D:6      | Killed an unseen horror
  7626 | D:6      | Reached skill level 4 in Axes
  8008 | D:6      | Reached skill level 5 in Axes
  8008 | D:6      | Reached skill level 5 in Dodging
  8085 | D:6      | Reached skill level 5 in Armour
  8449 | D:6      | Got a dazzling leather armour
  8497 | D:6      | Identified the +1 leather armour of Objectivity {rN+ MR+}
                  | (You found it on level 6 of the Dungeon)
  8619 | D:7      | Reached * piety under the Shining One
  8959 | D:7      | Noticed Pikel
  8969 | D:7      | Killed Pikel
  8969 | D:7      | Reached XP level 10. HP: 71/76 MP: 16/16
  8997 | D:7      | Reached skill level 6 in Axes
  9196 | D:7      | Noticed Menkaure
  9205 | D:7      | Killed Menkaure
  9767 | D:7      | Noticed Harold
  9780 | D:7      | Killed Harold
 10146 | D:8      | Noticed Psyche
 10177 | D:8      | Killed Psyche
 10367 | D:8      | Reached ** piety under the Shining One
 10376 | D:8      | Noticed a two-headed ogre
 10402 | D:8      | Reached skill level 7 in Axes
 10526 | D:8      | Killed a two-headed ogre
 10526 | D:8      | Reached skill level 5 in Invocations
 10526 | D:8      | Reached XP level 11. HP: 62/84 MP: 17/17
 10808 | D:8      | Noticed a three-headed hydra
 10821 | D:8      | Killed a six-headed hydra
 10821 | D:8      | Reached skill level 8 in Axes
 11367 | D:8      | Noticed a purple ugly thing
 11753 | D:8      | Killed a purple ugly thing
 11902 | D:8      | Gained mutation: You are agile. (Dex +2) [potion of
                  | mutation]
 11902 | D:8      | Gained mutation: Your flesh is heat resistant. (rF+)
                  | [potion of mutation]
 11902 | D:8      | Gained mutation: You are very agile. (Dex +4) [potion of
                  | mutation]
 11902 | D:8      | Gained mutation: You are surrounded by a mild repulsion
                  | field. (EV +2) [potion of mutation]
 11975 | D:9      | Found a staircase to the Lair.
 12052 | D:9      | Reached *** piety under the Shining One
 12052 | D:9      | Noticed a two-headed ogre
 12065 | D:8      | Killed a two-headed ogre
 12233 | D:9      | Found Pecsoso's Assorted Antiques.
 12267 | D:9      | Bought a scroll labeled ETA OXOFETAUJ for 35 gold pieces
 12267 | D:9      | Bought a scroll labeled RUDDER DIROWA for 35 gold pieces
 12267 | D:9      | Bought a scroll labeled WAESCH YCEARYDA for 35 gold pieces
 12375 | D:9      | Reached skill level 9 in Axes
 12592 | D:10     | Entered Level 10 of the Dungeon
 12906 | D:10     | Reached XP level 12. HP: 74/92 MP: 18/18
 13677 | Lair:1   | Entered Level 1 of the Lair of Beasts
 13823 | Lair:1   | Reached **** piety under the Shining One
 13826 | Lair:1   | Reached skill level 10 in Dodging
 13839 | Lair:1   | Reached skill level 10 in Axes
 13844 | Lair:1   | Reached skill level 1 in Evocations
 14710 | Lair:2   | Found a staircase to the Snake Pit.
 14772 | Lair:2   | Noticed a six-headed hydra
 14797 | Lair:2   | Killed a three-headed hydra
 16118 | Lair:3   | Noticed a six-headed hydra
 17248 | Lair:3   | Killed a ten-headed hydra
 17840 | Lair:4   | Reached XP level 13. HP: 59/99 MP: 19/19
 18135 | Lair:4   | Found a dark tunnel.
 18147 | Volcano  | Entered a volcano
 18696 | Lair:4   | Noticed a four-headed hydra
 18712 | Lair:4   | Killed a one-headed hydra
 18873 | Lair:4   | Got a dazzling dire flail
 19335 | Lair:4   | Found a staircase to the Shoals.
 19487 | Lair:5   | Noticed a four-headed hydra
 19499 | Lair:5   | Killed a one-headed hydra
 19591 | Lair:4   | Identified a scroll of acquirement
 19592 | Lair:4   | Found the +2 pair of boots of the Assassin {Detection Stab+
                  | Stlth++}
 19604 | Lair:4   | Identified the +6 dire flail "Vallov" {crush, rN+} (You
                  | found it on level 4 of the Lair of Beasts)
 19740 | Lair:5   | Reached skill level 11 in Axes
 20040 | Lair:5   | Got a fine jade ring
 20069 | Lair:5   | Noticed an entropy weaver
 20080 | Lair:5   | Reached skill level 5 in Throwing
 20086 | Lair:5   | HP: 5/101 [entropy weaver (10)]
 20087 | Lair:5   | Mangled by an entropy weaver

Skill      XL: |  1  2  3  4  5  6  7  8  9 10 11 12 13 |
---------------+----------------------------------------+-----
Stealth        | 1 2 3 5 |  5.0
Fighting       | 3 5 7 8 9 |  9.4
Conjurations   | 3 4 |  4.0
Spellcasting   | 4 |  4.0
Axes           | 3 5 7 9 10 11 | 11.0
Armour         | 3 5 6 7 |  7.0
Dodging        | 3 5 7 9 10 | 10.0
Invocations    | 2 5 6 7 |  7.5
Evocations     | 3 4 |  4.8
Throwing       | 3 5 |  5.0
Polearms       | |  1.0
Shields        | |  1.0

Action                   |  1- 3 |  4- 6 |  7- 9 | 10-12 | 13-15 || total
-------------------------+-------+-------+-------+-------+-------++-------
Melee: Dagger            |   104 |   319 |    26 |       |       ||   449
       Battleaxe         |       |       |   281 |   491 |   136 ||   908
       Hand axe          |       |       |       |    25 |    16 ||    41
Throw: Javelin           |       |       |       |     2 |       ||     2
       Throwing net      |       |       |       |     2 |       ||     2
 Cast: Magic Dart        |    22 |    62 |     1 |       |       ||    85
Evoke: Wand              |       |       |       |     8 |     4 ||    12
  Use: Scroll            |       |     6 |     8 |    16 |     1 ||    31
       Potion            |       |       |     3 |     9 |     4 ||    16
 Stab: Sleeping          |       |     4 |     4 |       |       ||     8
  Eat: Chunk             |     2 |     6 |    12 |    30 |     7 ||    57
       Ration            |       |     1 |     1 |     1 |       ||     3
Armor: Robe              |    55 |    59 |       |       |       ||   114
       Leather armour    |       |    15 |    20 |   239 |    55 ||   329
       Acid dragon scale |       |     7 |   331 |       |       ||   338
Dodge: Dodged            |    98 |   144 |   252 |   597 |   200 ||  1291
